[Event "Late-Titled-Tuesday-Blitz-July-09-2024"]
[Site "Chess.com"]
[Date "2024.07.09"]
[Round "5"]
[White "imdarealist"]
[Black "WilsonPalencia21"]
[Result "0-1"]
[WhiteElo "2242"]
[BlackElo "2579"]
[TimeControl "180+1"]
[EndTime "14:53:18 PDT"]
[Termination "WilsonPalencia21 won by checkmate"]

1. d4 Nf6 2. Bf4 c5 3. e3 d5 4. Nd2 Nc6 5. c3 Qb6 6. Qb3 c4 7. Qc2 Nh5 8. Bg5 h6 9. Bh4 g5 10. Be2 Ng7 11. Bg3 Bf5 12. Qc1 e6 13. e4 Bg6 14. f4 gxf4 15. Bxf4 Bxe4 16. Nxe4 dxe4 17. Bxc4 e5 18. dxe5 Bc5 19. Nh3 Nf5 20. Qc2 Ne3 21. Bxe3 Bxe3 22. Rf1 O-O-O 23. Bb3 Nxe5 24. Qxe4 Nd3+ 25.
Ke2 Rhe8 26. Qf5+ Kb8 27. Kf3 Ne5+ 28. Kg3 Rg8+ 29. Kh4 Rg4+ 30. Kh5 Qg6+ 31. Qxg6 fxg6# 0-1

[Event "Late-Titled-Tuesday-Blitz-July-09-2024"]
[Site "Chess.com"]
[Date "2024.07.09"]
[Round "5"]
[White "vova-79"]
[Black "scrambleyourbrain"]
[Result "0-1"]
[WhiteElo "2479"]
[BlackElo "2361"]
[TimeControl "180+1"]
[EndTime "14:53:19 PDT"]
[Termination "scrambleyourbrain won on time"]

1. d4 Nf6 2. c4 e6 3. g3 d5 4.
Nf3 dxc4 5. Bg2 a6 6. O-O c5 7. Ne5 cxd4 8. Nxc4 Nc6 9. Bf4 Be7 10. a4 Nd5 11. a5 Nxf4 12. gxf4 Bc5 13. Nbd2 O-O 14.
Ne4 Be7 15. Qb3 Bd7 16. Rfd1 Qc7 17. Nb6 Rad8 18. Qg3 Be8 19. Nc4 f5 20. Ng5 Bxg5 21. Qxg5 h6 22. Qg3 Bh5 0-1

[Event "Late-Titled-Tuesday-Blitz-July-09-2024"]
[Site "Chess.com"]
[Date "2024.07.09"]
[Round "5"]
[White "katharinareinecke"]
[Black "KebabJangles"]
[Result "0-1"]
[WhiteElo "2091"]
[BlackElo "2364"]
[TimeControl "180+1"]
[EndTime "14:53:20 PDT"]
[Termination "KebabJangles won by checkmate"]

1. e4 c5 2. Nf3 e6 3. g3 d5 4. exd5 exd5 5. Bg2 Nf6 6. O-O Be7 7. d4 O-O 8. c4 dxc4 9. Na3 Nc6 10. Nxc4 cxd4 11.
b3 Bf5 12. Bb2 d3 13. Nh4 Be4 14. Bxf6 Bxf6 15. Bxe4 Bxa1 16. Qxa1 g6 17. Rd1 Qe7 18. Bxd3 Rad8 19. Bf1 Rxd1 20. Qxd1 Rd8 21. Qg4 Nd4 22. f4 f5 23. Qh3 Qc5 24. Kh1 b5 25. Ne5 Nc2 26.
Nhxg6 hxg6 27. Nxg6 Qc6+ 28. Qg2 Qxg6 29. Qxc2 Qe6 30.
Bg2 Qe1+ 31. Bf1 Qxf1# 0-1

[Event "Late-Titled-Tuesday-Blitz-July-09-2024"]
[Site "Chess.com"]
[Date "2024.07.09"]
[Round "5"]
[White "Adar_07"]
[Black "Bugcrusher"]
[Result "0-1"]
[WhiteElo "2715"]
[BlackElo "2491"]
[TimeControl "180+1"]
[EndTime "14:53:24 PDT"]
[Termination "Bugcrusher won by checkmate"]

1. e4 e6 2. d4 d5 3. Nd2 Be7 4. Ngf3 Nf6 5. e5 Nfd7 6. Bd3 c5 7. c3 Nc6 8. O-O a5 9. Re1 cxd4 10. cxd4 Qb6 11.
Nf1 Nxd4 12. Be3 Nxf3+ 13. Qxf3 Nc5 14. Rac1 Bd7 15. Qg3 O-O 16. Bh6 g6 17. Bxf8 Bxf8 18. Bb1 Qxb2 19. Ne3 Rc8 20. Ng4 Ne4 21. Rxc8 Nxg3 22.
Nf6+ Kg7 23. Nxd7 Bb4 24. Rd1 Ne2+ 25. Kh1 Nc3 26. Rf1 Nxb1 27. g4 Nd2 28. Rg1 Ne4 29. g5 Qxf2 30. Nf6 Qf3+ 31. Rg2 Qf1+ 32. Rg1 Nf2# 0-1

[Event "Late-Titled-Tuesday-Blitz-July-09-2024"]
[Site "Chess.com"]
[Date "2024.07.09"]
[Round "5"]
[White "eightbyeightchess"]
[Black "Masterisback04"]
[Result "1-0"]
[WhiteElo "2390"]
[BlackElo "2104"]
[TimeControl "180+1"]
[EndTime "14:53:25 PDT"]
[Termination "eightbyeightchess won on time"]

1. e4 c5 2. Nf3 Nc6 3. d4 cxd4 4. Nxd4 e5 5. Nb5 d6 6. N1c3 a6 7. Na3 b5 8. Nd5 Nge7 9. c4 Nxd5 10. cxd5 Nd4 11.
Nc2 Be7 12. Nxd4 exd4 13. Qxd4 Bf6 14. Qe3 O-O 15. Be2 Re8 16. O-O Bb7 17. Qd3 Rc8 18. Rb1 Qe7 19. f3 Qe5 20. Re1 Bxd5 21. Qxd5 Qxd5 22.
exd5 Rc2 23. Kf1 Bd4 24. Bf4 h5 25. Bxd6 h4 26. Bf4 h3 27. gxh3 Bb6 28. d6 1-0

[Event "Late-Titled-Tuesday-Blitz-July-09-2024"]
[Site "Chess.com"]
[Date "2024.07.09"]
[Round "5"]
[White "petr577"]
[Black "ninguno46"]
[Result "0-1"]
[WhiteElo "2410"]
[BlackElo "2578"]
[TimeControl "180+1"]
[EndTime "14:53:27 PDT"]
[Termination "ninguno46 won by checkmate"]

1. d4 Nf6 2. c4 e6 3. Nf3 Bb4+ 4.
Bd2 Qe7 5. g3 Nc6 6. Bg2 Bxd2+ 7. Nbxd2 d6 8. O-O O-O 9. e4 e5 10. d5 Nb8 11. b4 a5 12. a3 Na6 13. Qb3 Bg4 14. Rfc1 axb4 15. axb4 c5 16. b5 Nb4 17. h3 Bxf3 18. Bxf3 g6 19. Bg2 h5 20. Ra4 Rxa4 21. Qxa4 h4 22. Ra1 hxg3 23. fxg3 Nh5 24. Qb3 Qg5 25. Nf1 Rb8 26. Ra7 Qc1 27. Kh2 Kg7 28. Qf3 Nc2 29. Qg4 Nd4 30. Qd7 Qc2 31. Qxd6 Nf3+ 32. Kh1 Qf2 33. Qxb8 Qg1# 0-1

[Event "Late-Titled-Tuesday-Blitz-July-09-2024"]
[Site "Chess.com"]
[Date "2024.07.09"]
[Round "5"]
[White "AmbartsumianTyhran2012"]
[Black "mind1mover"]
[Result "1-0"]
[WhiteElo "2597"]
[BlackElo "2807"]
[TimeControl "180+1"]
[EndTime "14:53:32 PDT"]
[Termination "AmbartsumianTyhran2012 won by resignation"]

1. e4 e5 2. Nf3 Nc6 3. d4 exd4 4. Nxd4 Bb4+ 5. c3 Bc5 6. Be3 Bb6 7. Nf5 g6 8. Bxb6 axb6 9. Ne3 Nf6 10. f3 O-O 11. c4 d6 12. Nc3 Be6 13. Qd2 Ne5 14. Be2 Qe7 15. O-O Ned7 16. b3 Rad8 17. Rfd1 Rfe8 18. Bf1 Nf8 19. Ncd5 Bxd5 20. cxd5 h5 21. Rac1 h4 22. Bb5 N6d7 23. Rxc7 h3 24. Ng4 Rc8 25. Rxd7 Nxd7 26. Bxd7 Kg7 27. Bxc8 Rxc8 28. Qd4+ f6 29. gxh3 Rc5 30. Kg2 Rc2+ 31. Rd2 Rc1 32. Qb2 Rc5 33. Rc2 Kf7 34. Rxc5 bxc5 35. Qxf6+ Qxf6 36. Nxf6 c4 37. bxc4 Kxf6 38. f4 1-0

[Event "Late-Titled-Tuesday-Blitz-July-09-2024"]
[Site "Chess.com"]
[Date "2024.07.09"]
[Round "5"]
[White "GilbertoHernandezAmura"]
[Black "FM_Kappeler"]
[Result "1-0"]
[WhiteElo "2516"]
[BlackElo "2315"]
[TimeControl "180+1"]
[EndTime "14:53:32 PDT"]
[Termination "GilbertoHernandezAmura won by checkmate"]

1. e4 c5 2. Nf3 e6 3. b3 a6 4. Bb2 Nc6 5. e5 Qc7 6. a4 Nge7 7. Na3 Nf5 8. Nc4 b6 9. Bd3 Bb7 10. Bxf5 exf5 11. O-O Be7 12. Nd6+ Kf8 13. Nxf5 Re8 14. Re1 h5 15. h4 Nd8 16. e6 Nxe6 17. Rxe6 fxe6 18.
Bxg7+ Kf7 19. Ne5+ Kg8 20. Bxh8 exf5 21. Qxh5 Rf8 22.
Ng6 Bf6 23. Nxf8 Bxa1 24. Bxa1 Kxf8 25. Qxf5+ Ke8 26. Qg6+ Kf8 27. Bg7+ Ke7 28. Qf6+ Ke8 29. Qf8# 1-0

[Event "Late-Titled-Tuesday-Blitz-July-09-2024"]
[Site "Chess.com"]
[Date "2024.07.09"]
[Round "5"]
[White "MikeSailer"]
[Black "Defenstrator"]
[Result "1/2-1/2"]
[WhiteElo "2107"]
[BlackElo "2372"]
[TimeControl "180+1"]
[EndTime "14:53:33 PDT"]
[Termination "Game drawn - insufficient material"]

1. d4 Na6 2. e4 c5 3. d5 e6 4. Nc3 Nf6 5. Bg5 exd5 6. e5 d4 7.
exf6 gxf6 8. Qe2+ Qe7 9. Bxf6 Qxe2+ 10. Bxe2 Rg8 11. Nd5 Bd6 12. Bxa6 bxa6 13. O-O-O Bb7 14. Re1+ Kf8 15. Ne7 Re8 16. Nf3 Bxe7 17. Bxe7+ Rxe7 18. Rxe7 Kxe7 19. Re1+ Kd8 20. Nh4 Re8 21. Rxe8+ Kxe8 22. Kd2 Ke7 23. Kd3 Kf6 24. Kc4 d6 25. b4 Kg5 26.
g3 cxb4 27. Kxd4 Kg4 28. Kc4 Kh3 29. Nf5 Kxh2 30. Nxd6 Bf3 31. Kxb4 Bh5 32. c4 Kg2 33. c5 Bf3 34. Nxf7 Kxf2 35. Ng5 Bd5 36. Nxh7 Kxg3 37. Nf6 Bxa2 38. Ka5 Kf4 39. Kxa6 Ke5 40. Kxa7 Kxf6 41. c6 Ke7 42. c7 Be6 43. c8=Q Bxc8 1/2-1/2

[Event "Late-Titled-Tuesday-Blitz-July-09-2024"]
[Site "Chess.com"]
[Date "2024.07.09"]
[Round "5"]
[White "BardArtem"]
[Black "Horokoskii"]
[Result "1-0"]
[WhiteElo "2796"]
[BlackElo "2129"]
[TimeControl "180+1"]
[EndTime "14:53:34 PDT"]
[Termination "BardArtem won by resignation"]

1. e4 c5 2. Nf3 d6 3. Nc3 Nf6 4. d4 cxd4 5. Qxd4 Nc6 6. Qd3 g6 7. e5 dxe5 8. Qxd8+ Nxd8 9. Nxe5 Bg7 10. Be3 O-O 11.
O-O-O Be6 12. Be2 Nc6 13. Nxc6 bxc6 14. Bd4 Nd5 15. Ne4 Bxd4 16. Rxd4 Nf4 17. Bf3 Rfd8 18.
Rhd1 Rxd4 19. Rxd4 Bd5 20. g3 Ne6 21. Rd1 Rd8 22. Nd2 Bxf3 23. Nxf3 Rd5 24. c4 Rxd1+ 25. Kxd1 Nc5 26. Ne5 Ne4 27. Nxc6 Nxf2+ 28. Ke2 Ne4 29. Nxa7 Kf8 30. b4 Ke8 31. Ke3 Nc3 32. a3 Kd7 33. Nb5 Na4 34. Kd4 Kc6 35. Nc3 Nb2 36. b5+ Kd7 37. a4 e5+ 38. Kd5 f6 39. c5 Nd3 40.
c6+ Ke7 41. b6 Nb4+ 42. Kc5 Na6+ 43. Kb5 1-0

[Event "Late-Titled-Tuesday-Blitz-July-09-2024"]
[Site "Chess.com"]
[Date "2024.07.09"]
[Round "5"]
[White "ChessLover0108"]
[Black "ValeriyGrinev"]
[Result "1-0"]
[WhiteElo "2932"]
[BlackElo "2678"]
[TimeControl "180+1"]
[EndTime "14:53:36 PDT"]
[Termination "ChessLover0108 won by resignation"]

1. Nf3 d5 2. d4 Nf6 3. e3 e6 4. Bd3 Be7 5. O-O O-O 6. b3 b6 7. Bb2 Bb7 8. Nbd2 Nbd7 9. c4 c5 10. Rc1 Rc8 11. Qe2 cxd4 12. exd4 Re8 13. Ne5 Bf8 14.
Rfd1 g6 15. Ndf3 Ne4 16. Qe3 Bg7 17. Nxd7 Qxd7 18. Ne5 Qe7 19. f3 Nf6 20. c5 bxc5 21. dxc5 Nd7 22. b4 a5 23. a3 axb4 24. axb4 Nxe5 25.
Bxe5 Bxe5 26. Qxe5 f6 27. Qc3 e5 28. b5 d4 29.
Qb3+ Kg7 30. c6 Ba8 31. Qa4 f5 32. b6 e4 33. fxe4 fxe4 34. Qxd4+ Kh6 35. Bb5 e3 36. b7 Rb8 37. bxa8=Q Rxa8 38. c7 e2 39. Re1 Rf8 40. Rxe2 Qf7 41. Qe3+ Kg7 42. Qe7 1-0

[Event "Late-Titled-Tuesday-Blitz-July-09-2024"]
[Site "Chess.com"]
[Date "2024.07.09"]
[Round "5"]
[White "hellokostya"]
[Black "Veleamater"]
[Result "0-1"]
[WhiteElo "2618"]
[BlackElo "2444"]
[TimeControl "180+1"]
[EndTime "14:53:36 PDT"]
[Termination "Veleamater won by checkmate"]

1. e4 d6 2. d4 g6 3. Nc3 Bg7 4.
Be3 Nf6 5. Qd2 Nc6 6. d5 Ne5 7. f3 h5 8. O-O-O a6 9. Kb1 b5 10. h3 c5 11. dxc6 Nxc6 12. Nge2 Be6 13. Nd4 Nxd4 14.
Bxd4 O-O 15. g4 h4 16. f4 b4 17. Nd5 Nxe4 18. Qe3 Bxd5 19. Bxg7 Kxg7 20. Rxd5 Ng3 21. Rg1 e6 22. Rd2 Qc7 23. Bd3 d5 24. f5 e5 25. f6+ Kh7 26. Qg5 Qc5 27. Qxh4+ Nh5 28.
Qxh5+ Kg8 29. Rdg2 gxh5 30. gxh5+ Kh8 31. Bf5 Rg8 32.
Rg7 Qxg1+ 33. Rxg1 Rxg1# 0-1

[Event "Late-Titled-Tuesday-Blitz-July-09-2024"]
[Site "Chess.com"]
[Date "2024.07.09"]
[Round "5"]
[White "adrivillu"]
[Black "aexmi"]
[Result "0-1"]
[WhiteElo "2430"]
[BlackElo "2276"]
[TimeControl "180+1"]
[EndTime "14:53:37 PDT"]
[Termination "aexmi won by checkmate"]

1. e4 c5 2. Nf3 g6 3. d4 cxd4 4.
Nxd4 Nc6 5. c4 Nf6 6. Nc3 d6 7. Be2 Nxd4 8. Qxd4 Bg7 9. Qd3 O-O 10. Be3 Nd7 11. O-O Ne5 12. Qc2 Be6 13. b3 Ng4 14.
Bxg4 Bxg4 15. Rae1 a6 16. Nd5 Be6 17. f4 Bxd5 18.
exd5 Qc7 19. f5 b5 20. fxg6 hxg6 21. c5 dxc5 22. Bxc5 Bd4+ 23. Kh1 Qxc5 24. Qe4 Bf6 25. Rf3 Rad8 26. Rd3 Rd6 27. h4 Rfd8 28. Red1 Kg7 29. g4 Bxh4 30. Kg2 Qf2+ 31. Kh3 Rh8 32. g5 Bg3+ 33.
Kg4 Rh4# 0-1

[Event "Late-Titled-Tuesday-Blitz-July-09-2024"]
[Site "Chess.com"]
[Date "2024.07.09"]
[Round "5"]
[White "AlexTruskavetsky"]
[Black "Polish_fighter3000"]
[Result "1-0"]
[WhiteElo "2705"]
[BlackElo "3041"]
[TimeControl "180+1"]
[EndTime "14:53:42 PDT"]
[Termination "AlexTruskavetsky won on time"]

1. d4 d5 2. c4 e6 3. Nc3 a6 4.
cxd5 exd5 5. Bf4 Nf6 6. e3 c5 7.
dxc5 Bxc5 8. Nf3 Nc6 9. Be2 O-O 10. O-O h6 11. Rc1 Ba7 12. h3 Re8 13. Qb3 d4 14. exd4 Nxd4 15. Nxd4 Qxd4 16. Bg3 b5 17. Rfd1 Qb6 18.
Rd6 Qc5 19. Bf3 Rb8 20. Rc6 Qg5 21. Ne2 Bb7 22. Bxb8 Bxb8 23. R6c5 Bxf3 24. Rxg5 Bxe2 25.
Rgc5 1-0

[Event "Late-Titled-Tuesday-Blitz-July-09-2024"]
[Site "Chess.com"]
[Date "2024.07.09"]
[Round "5"]
[White "chessuriel"]
[Black "1800_strength"]
[Result "1-0"]
[WhiteElo "2305"]
[BlackElo "2752"]
[TimeControl "180+1"]
[EndTime "14:53:42 PDT"]
[Termination "chessuriel won by resignation"]

1. e4 e5 2. Nf3 d6 3. d4 exd4 4. Qxd4 Nc6 5. Bb5 Bd7 6. Bxc6 Bxc6 7.
Bg5 Qd7 8. Nc3 h6 9. Be3 Nf6 10. O-O-O Be7 11. h3 b6 12. Nh4 g6 13. e5 dxe5 14.
Qxe5 Qe6 15. Qxe6 fxe6 16. Nxg6 Rg8 17. Ne5 Bxg2 18. Rhg1 Bxh3 19. Bxh6 Bd6 20. Nc4 Bc5 21. Nb5 Ke7 22. Be3 Bxe3+ 23. fxe3 c6 24. Nd4 Bg2 25. Ne5 c5 26. Ndc6+ Bxc6 27. Nxc6+ Kf8 28. Rgf1 Rg6 29.
Rd6 Re8 30. Ne5 Ke7 31. Nxg6+ Kxd6 32. Rxf6 Rg8 33. Kd2 Kd5 34. Ne7+ 1-0

[Event "Late-Titled-Tuesday-Blitz-July-09-2024"]
[Site "Chess.com"]
[Date "2024.07.09"]
[Round "5"]
[White "VitorBronson"]
[Black "CoachKevinVelazquez"]
[Result "1-0"]
[WhiteElo "2521"]
[BlackElo "2347"]
[TimeControl "180+1"]
[EndTime "14:53:44 PDT"]
[Termination "VitorBronson won by resignation"]

1. e4 c6 2. d4 d5 3. exd5 cxd5 4. Bd3 Nc6 5. c3 Qc7 6. Ne2 e5 7. dxe5 Nxe5 8. Bb5+ Bd7 9. Qxd5 O-O-O 10. Bf4 Nf6 11. Bxd7+ Nfxd7 12. O-O Bd6 13. Na3 Nf6 14. Qb3 Nf3+ 15.
gxf3 Bxf4 16. Nb5 Bxh2+ 17. Kg2 Qe5 18. Nxa7+ Kc7 19. Nb5+ Kb8 20. Rae1 Rd5 21. f4 Qh5 22. Nbd4 Bxf4 23. Ng3 Rg5 24. Nc6+ Kc8 25. Ne7+ Kc7 26. Qc4+ Kb8 27. Qxf4+ Ka8 28. Rh1 Qg4 29. Qxg4 Rxg4 30. Nf5 h5 31. Ne3 Ra4 32. b3 Rxa2 33. Ra1 Rxa1 34. Rxa1+ Kb8 35. Ngf5 g6 36. Nd4 Ne4 37.
c4 f5 38. Nd5 h4 39. f3 h3+ 40. Kh2 Ng5 41. Rg1 Nf7 42. Rxg6 1-0

[Event "Late-Titled-Tuesday-Blitz-July-09-2024"]
[Site "Chess.com"]
[Date "2024.07.09"]
[Round "5"]
[White "Boorchess"]
[Black "PawnEatingZombie"]
[Result "1-0"]
[WhiteElo "2526"]
[BlackElo "2271"]
[TimeControl "180+1"]
[EndTime "14:53:46 PDT"]
[Termination "Boorchess won by resignation"]

1. d4 e6 2. Nf3 c5 3. g3 cxd4 4. Nxd4 d5 5. Bg2 Nf6 6. O-O e5 7. Nf3 Nc6 8. c4 d4 9. e3 dxe3 10. Qxd8+ Kxd8 11. Bxe3 h6 12. Nc3 Be6 13. Rfd1+ Kc8 14. Nd5 Nd7 15. a3 Bc5 16. Bxc5 Nxc5 17. b4 Na4 18. b5 Na5 19. Nxe5 a6 20. b6 Bxd5 21. Bxd5 Nxb6 22. Nxf7 Rf8 23. Be6+ Kc7 24. c5 Na4 25. Rd7+ Kc6 26. Rc1 Rae8 27. Rd6+ Kb5 28. Ne5 Rf6 29. Bd7+ Nc6 30. Nxc6 bxc6 31. Bxe8 1-0

[Event "Late-Titled-Tuesday-Blitz-July-09-2024"]
[Site "Chess.com"]
[Date "2024.07.09"]
[Round "5"]
[White "GoltsevDmitry2000"]
[Black "OparinGrigoriy"]
[Result "0-1"]
[WhiteElo "2781"]
[BlackElo "3015"]
[TimeControl "180+1"]
[EndTime "14:53:47 PDT"]
[Termination "OparinGrigoriy won on time"]

1. e4 c5 2. Nf3 Nc6 3. d4 cxd4 4. Nxd4 Nf6 5. Nc3 e6 6. Be2 Bb4 7. Qd3 d5 8. exd5 Nxd5 9. Bd2 Nxc3 10. bxc3 Be7 11.
Bf3 Bd7 12. Nxc6 Bxc6 13. Bxc6+ bxc6 14. Qxd8+ Kxd8 15. Be3 Kc8 16. Ke2 Rd8 17. Rhd1 Rxd1 18. Rxd1 a6 19. Rb1 Rb8 20. Rxb8+ Kxb8 21. Kd3 Kc7 22. Kc4 g6 23. Bf4+ Kd7 24. h3 f6 25.
Be3 e5 26. Bb6 f5 27. f3 h5 28. a4 Ke6 29. Bc7 Bf6 30. Kc5 Kd7 31. Ba5 e4 32.
fxe4 fxe4 33. Kc4 Ke6 34. Bb6 Bh4 35. Be3 Ke5 36. Kc5 Kf5 37. Kxc6 Bg5 38. Bf2 Bd2 39.
Kb6 e3 40. Bxe3 Bxe3+ 41. Kxa6 Kf4 42. c4 Kg3 0-1

[Event "Late-Titled-Tuesday-Blitz-July-09-2024"]
[Site "Chess.com"]
[Date "2024.07.09"]
[Round "5"]
[White "rionelG"]
[Black "Snowball-03"]
[Result "0-1"]
[WhiteElo "2420"]
[BlackElo "2619"]
[TimeControl "180+1"]
[EndTime "14:53:50 PDT"]
[Termination "Snowball-03 won on time"]

1. e4 c5 2. Nf3 Nc6 3. d4 cxd4 4. Nxd4 Nf6 5. Nc3 e6 6. g3 d6 7. Bg2 Bd7 8. O-O a6 9. a4 Be7 10. Be3 O-O 11. Nxc6 Bxc6 12. a5 Rc8 13. Bb6 Qe8 14.
Re1 Nd7 15. Be3 Qd8 16. Qd2 Qc7 17. b4 Ne5 18. Bd4 Be8 19. Rab1 Qc4 20. Rb3 Bf6 21.
Kh1 Qc7 22. h3 Bc6 23. Bb6 Qb8 24. Ne2 Ba4 25. Rb2 Nc4 0-1

[Event "Late-Titled-Tuesday-Blitz-July-09-2024"]
[Site "Chess.com"]
[Date "2024.07.09"]
[Round "5"]
[White "Zurability"]
[Black "Kombinator01"]
[Result "0-1"]
[WhiteElo "2648"]
[BlackElo "2466"]
[TimeControl "180+1"]
[EndTime "14:53:53 PDT"]
[Termination "Kombinator01 won on time"]

1. d4 d5 2. c4 c5 3. Nf3 Nf6 4. cxd5 cxd4 5. Nxd4 Qxd5 6. Nc3 Qa5 7. Nb3 Qc7 8. e4 a6 9. Be2 Nc6 10. O-O h5 11. Nd5 Nxd5 12. exd5 Ne5 13. Qd4 Ng6 14. Be3 Qe5 15. Rac1 Qxd4 16. Bxd4 Nf4 17. Bf3 Bg4 18. Bxg4 hxg4 19. Rc7 Ne2+ 20. Kh1 Nxd4 21. Nxd4 Rd8 22. Rxb7 Rxd5 23. Ne2 f6 24. Nf4 Rd2 25. Ng6 Rg8 26.
Re1 Kf7 27. Nxf8 Rxf8 28. Rexe7+ Kg6 29. Rxg7+ Kh6 30. Rgd7 Rxf2 31. Kg1 Rc2 32. h3 gxh3 33. Rh7+ Kg6 34. Rxh3 Rd8 35. Rg3+ Kf5 36. Rb6 Rd1+ 37.
Kh2 Rdd2 38. Rxa6 Rxb2 39. a4 Ra2 40. a5 Ke5 41. Ra8 Rd7 0-1

[Event "Late-Titled-Tuesday-Blitz-July-09-2024"]
[Site "Chess.com"]
[Date "2024.07.09"]
[Round "5"]
[White "maurovargas01"]
[Black "Nemsko"]
[Result "0-1"]
[WhiteElo "1939"]
[BlackElo "2308"]
[TimeControl "180+1"]
[EndTime "14:53:53 PDT"]
[Termination "Nemsko won on time"]

1. e4 e5 2. Nf3 Nc6 3. d4 exd4 4. Bc4 Nf6 5. e5 d5 6. Bb5 Ne4 7. Nxd4 Bd7 8. Bxc6 bxc6 9. O-O Bc5 10. c3 O-O 11. f3 Ng5 12. f4 Ne4 13. Nd2 f5 14. exf6 Nxf6 15. a4 Re8 16. b4 Bd6 17. Qc2 c5 18. Nf5 Bf8 19. b5 Qc8 20. Ne3 c6 21. Nd1 cxb5 22. axb5 Bxb5 23. Qb3 Bxf1 24. Nxf1 Kh8 25. Nf2 Qc6 26. Ng3 Re1+ 27. Nf1 Ree8 28. Bb2 Reb8 29. Qc2 c4 30. Ne3 Bc5 31. Nf5 Ne4 0-1

[Event "Late-Titled-Tuesday-Blitz-July-09-2024"]
[Site "Chess.com"]
[Date "2024.07.09"]
[Round "5"]
[White "Byniolus"]
[Black "manitodeplomo"]
[Result "1-0"]
[WhiteElo "2812"]
[BlackElo "2621"]
[TimeControl "180+1"]
[EndTime "14:53:54 PDT"]
[Termination "Byniolus won by resignation"]

1. d4 d5 2. Nf3 c6 3. Bf4 Qb6 4. Qc1 Bg4 5. Nbd2 Nf6 6. h3 Bxf3 7. Nxf3 e6 8. e3 c5 9. Be2 Nc6 10. c3 Be7 11. O-O O-O 12. Qc2 Rfc8 13. Qb3 c4 14.
Qc2 Qa5 15. a3 b5 16. Nd2 Qd8 17. e4 a5 18. Bf3 b4 19. Qa4 b3 20. exd5 exd5 21.
Rfe1 h6 22. Nxc4 Nxd4 23. cxd4 Rxc4 24. Qxb3 Rxd4 25. Be5 a4 26. Qb7 Rc4 27. Bxf6 Bxf6 28. Bxd5 Ra7 29. Bxf7+ Kf8 30. Qxa7 Bd4 31. Qa6 Bxf2+ 32.
Kxf2 Qd4+ 33. Kf1 Qf6+ 34. Qxf6 1-0

[Event "Late-Titled-Tuesday-Blitz-July-09-2024"]
[Site "Chess.com"]
[Date "2024.07.09"]
[Round "5"]
[White "temus_galaktionov"]
[Black "Djager97"]
[Result "1-0"]
[WhiteElo "2835"]
[BlackElo "2652"]
[TimeControl "180+1"]
[EndTime "14:53:56 PDT"]
[Termination "temus_galaktionov won on time"]

1. d4 Nf6 2. c4 c5 3. d5 d6 4. Nc3 g6 5. e4 Bg7 6. Bd3 O-O 7. h3 e6 8. Nf3 exd5 9. cxd5 Re8 10. O-O Nbd7 11.
Bf4 c4 12. Bxc4 Nxe4 13. Nxe4 Rxe4 14. Bg5 Qf8 15. Bd3 Re8 16. Re1 Ne5 17. Nxe5 Bxe5 18. Qb3 Bf5 19. Bxf5 gxf5 20. Qf3 Bxb2 21. Rab1 Rxe1+ 22.
Rxe1 Re8 23. Rb1 Qg7 24. Qxf5 Qc3 25. Be3 b6 26. Qg4+ Kh8 27. Qd7 Rxe3 28. Qd8+ Kg7 29. Qg5+ Kf8 30. Qxe3 Qc2 31. Re1 Be5 32. Qh6+ Kg8 33.
Qg5+ Kf8 34. Qe3 Qxa2 35. f4 Bf6 36. Qe4 Qd2 37. Kh2 b5 38. Re2 Qd1 39. Rc2 Kg7 40.
Qf5 b4 41. Rc7 Qd4 42. Qg4+ Kf8 43. Rc8+ Ke7 44. Qe2+ Be5 45. fxe5 Qf4+ 46. g3 Qxe5 47. Qxe5+ dxe5 48. Rb8 a5 49. Rb5 1-0

[Event "Late-Titled-Tuesday-Blitz-July-09-2024"]
[Site "Chess.com"]
[Date "2024.07.09"]
[Round "5"]
[White "VirtualCoach"]
[Black "miraitrunks"]
[Result "1/2-1/2"]
[WhiteElo "2313"]
[BlackElo "2029"]
[TimeControl "180+1"]
[EndTime "14:53:56 PDT"]
[Termination "Game drawn by agreement"]

1. e4 c5 2. Nf3 Nc6 3. d4 cxd4 4. Nxd4 g6 5. c4 Bg7 6. Be3 Nf6 7. Nc3 Ng4 8. Qxg4 Nxd4 9. Qd1 Ne6 10. Be2 O-O 11. O-O d6 12. Qd2 a6 13. Nd5 Nc5 14. f3 Be6 15. b4 Bxd5 16. cxd5 Bxa1 17. Rxa1 Nd7 18. Qd4 Nf6 19. g4 e5 20. dxe6 fxe6 21. Bh6 Rf7 22. Bc4 d5 23. Rd1 Nxe4 24. fxe4 Qh4 25.
exd5 Qxh6 26. dxe6 Re7 27. Qe5 Rae8 28. Rf1 Qd2 29. Bd5 Qxb4 30. Rf7 Qxg4+ 31. Kh1 Qd1+ 32.
Kg2 Qg4+ 33. Kf2 Qh4+ 34. Ke2 Qh5+ 35. Qxh5 gxh5 36. Kf3 Rxe6 37. Bxe6 Rxe6 38. Rxb7 Rc6 1/2-1/2

[Event "Late-Titled-Tuesday-Blitz-July-09-2024"]
[Site "Chess.com"]
[Date "2024.07.09"]
[Round "5"]
[White "leotobares"]
[Black "toninhojit"]
[Result "1-0"]
[WhiteElo "2313"]
[BlackElo "2482"]
[TimeControl "180+1"]
[EndTime "14:53:57 PDT"]
[Termination "leotobares won by checkmate"]

1. c4 c5 2. Nc3 Nc6 3. Nf3 Nd4 4. e3 Nxf3+ 5. Qxf3 g6 6. b3 Bg7 7. Bb2 Nf6 8. g3 O-O 9. Bg2 d6 10. h3 Rb8 11.
O-O a6 12. d4 cxd4 13. exd4 b5 14. c5 b4 15. Na4 Be6 16. Rac1 Bd5 17. Qe2 Bxg2 18.
Kxg2 dxc5 19. dxc5 Qd5+ 20. Qf3 Qxf3+ 21. Kxf3 Rfd8 22.
c6 Rbc8 23. Nb6 Rc7 24. Be5 Rdc8 25. Nxc8 Rxc8 26. Rfd1 Ne8 27. Bxg7 Kxg7 28. Rd7 Kf6 29. Ra7 Nc7 30. Rc4 e5 31. Rxb4 Ke6 32. Rc4 f5 33. g4 Kd6 34. a4 Rf8 35. Rc1 Ne6 36. Rd7# 1-0

[Event "Late-Titled-Tuesday-Blitz-July-09-2024"]
[Site "Chess.com"]
[Date "2024.07.09"]
[Round "5"]
[White "IlanSchnaider"]
[Black "ChristopherYoo"]
[Result "0-1"]
[WhiteElo "2852"]
[BlackElo "3040"]
[TimeControl "180+1"]
[EndTime "14:53:58 PDT"]
[Termination "ChristopherYoo won on time"]

1. e4 e5 2. Nf3 Nc6 3. d4 exd4 4. Nxd4 Nf6 5. Nc3 Nxe4 6. Nxe4 Qe7 7. Bd3 Nxd4 8. O-O d5 9. Ng5 h6 10. Re1 Ne6 11. Nxe6 Bxe6 12. Bf5 O-O-O 13. Bxe6+ fxe6 14. Qg4 Re8 15. c4 dxc4 16. Bf4 g5 17. Be5 Bg7 18. Bxg7 Qxg7 19. Rxe6 Kb8 20. Rae1 Rxe6 21. Qxe6 a6 22. Re5 Rd8 23. h3 Qf8 24. Rf5 Qb4 25. Rd5 Rxd5 26.
Qxd5 Qxb2 27. Qxc4 a5 28. g3 Qb4 29. Qg8+ Ka7 30.
Qg7 Qb6 31. Kg2 c5 32. f4 gxf4 33. gxf4 c4 34. f5 Qc6+ 35. Kh2 c3 36. Qd4+ b6 37. f6 c2 38. f7 Qc7+ 39. Kg2 Qxf7 40. Qc3 Qd5+ 41.
Kh2 Qc5 42. Qg7+ Kb8 43. Qg8+ Kb7 44. Qf7+ Qc7+ 45. Qxc7+ Kxc7 0-1

[Event "Late-Titled-Tuesday-Blitz-July-09-2024"]
[Site "Chess.com"]
[Date "2024.07.09"]
[Round "5"]
[White "AlleyOoper"]
[Black "Fjal"]
[Result "1/2-1/2"]
[WhiteElo "2555"]
[BlackElo "2403"]
[TimeControl "180+1"]
[EndTime "14:53:59 PDT"]
[Termination "Game drawn by stalemate"]

1. d4 d6 2. Nc3 g6 3. e4 Bg7 4.
Nf3 a6 5. Bc4 b5 6. Bd5 c6 7.
Bb3 Nf6 8. e5 dxe5 9. Nxe5 O-O 10. O-O Nd5 11. Nxc6 Nxc3 12. Nxd8 Nxd1 13. Nxf7 e6 14.
Ne5 Nxf2 15. Rxf2 Bxe5 16. Rxf8+ Kxf8 17. dxe5 Nc6 18. Bh6+ Ke7 19. Bg5+ Ke8 20. Bf6 Nd4 21. Rd1 Nxb3 22. Rd8+ Kf7 23. axb3 h6 24. h4 a5 25. Kf2 a4 26. bxa4 bxa4 27. g4 h5 28.
g5 a3 29. bxa3 Rxa3 30. Rxc8 Rf3+ 31. Ke2 Re3+ 32. Kd2 Rd3+ 33. Kc1 Rd1+ 34. Kb2 Rb1+ 35. Kc3 Rb3+ 36. Kc4 Rc3+ 37. Kxc3 1/2-1/2